[Event "FIDE World Rapid-ch Open 2018"]
[White "Golubov, Saveliy"]
[Black "Fakhrutdinov, Timur"]
[Site "St. Petersburg"]
[Round "10.71"]
[Annotator "ChessBase"]
[Result "1/2-1/2"]
[Date "2018.12.27"]
[WhiteElo "2482"]
[BlackElo "2481"]
[PlyCount "143"]
[TimeControl "900+10"]

1. e4 e5 2. Nf3 Nc6 3. Nc3 Nf6 4. a3 d5 5. exd5 Nxd5 6. Bb5 Nxc3 7. bxc3 Bd6 8. 0-0 0-0 9. Re1 Qf6 10. d3 Bg4 11. h3 Bxf3 12. Qxf3 Qxf3 13. gxf3 Ne7 14. f4 exf4 15. Bxf4 Bxf4 16. Rxe7 Bd6 17. Re2 c6 18. Bc4 Rfe8 19. Rxe8+ Rxe8 20. d4 Bf4 21. Rb1 b6 22. Rd1 g6 23. a4 Kg7 24. Kg2 Re7 25. Kf3 Bd6 26. Ra1 Bc7 27. Ba6 f5 28. a5 bxa5 29. Bb7 c5 30. Bd5 Bb6 31. dxc5 Bxc5 32. Rxa5 Bb6 33. Ra1 g5 34. c4 h5 35. Ra6 Rc7 36. Ra1 Kf6 37. Kg2 Re7 38. Kf1 g4 39. hxg4 hxg4 40. Rb1 f4 41. c5 Bxc5 42. Rb8 Rh7 43. Rc8 Bb6 44. c4 Ke5 45. Re8+ Kd6 46. Re4 f3 47. Rxg4 Rh1+ 48. Rg1 Rh2 49. Rg8 Rxf2+ 50. Ke1 Re2+ 51. Kd1 Rf2 52. Ke1 Re2+ 53. Kd1 Re3 54. Rf8 Kc5 55. Rxf3 Re5 56. Kc2 Re2+ 57. Kb3 Kd4 58. Rf4+ Ke5 59. Rf8 Kd6 60. Rf6+ Kc5 61. Rc6+ Kd4 62. Re6 Rh2 63. Re4+ Kd3 64. Rg4 Rf2 65. Be4+ Ke3 66. Bc2 Kd2 67. Be4 Ke3 68. Bc2 Kd2 69. Bg6 Rf3+ 70. Kb4 Be3 71. Kb5 Rf8 72. c5 1/2-1/2

[Event "FIDE World Rapid-ch Open 2018"]
[White "Geller, Jakov"]
[Black "Anikonov, Dmitry"]
[Site "St. Petersburg"]
[Round "10.72"]
[Annotator "ChessBase"]
[Result "1/2-1/2"]
[Date "2018.12.27"]
[WhiteElo "2518"]
[BlackElo "2371"]
[PlyCount "123"]
[TimeControl "900+10"]

1. e4 d6 2. d4 Nf6 3. Nc3 e5 4. Nf3 exd4 5. Nxd4 Be7 6. g3 d5 7. e5 Ng4 8. e6 Nf6 9. exf7+ Kxf7 10. Bg2 Re8 11. 0-0 c6 12. Re1 Na6 13. Bf4 Nc7 14. Qd3 Kg8 15. h3 Bd6 16. Rxe8+ Ncxe8 17. Bg5 Bd7 18. Re1 Nc7 19. Nd1 h6 20. Bd2 Qc8 21. Bxh6 c5 22. Qg6 Qf8 23. Nb3 Be8 24. Qg5 Kh7 25. Bxg7 Qxg7 26. Qd2 Bg6 27. Nc3 Rd8 28. Na5 b6 29. Nc6 Re8 30. Rxe8 Bxe8 31. Nxa7 Be5 32. Nc8 b5 33. Qe2 Bxc3 34. bxc3 Qd7 35. Ne7 Bg6 36. Qe5 Nce8 37. Nxd5 Nxd5 38. Bxd5 Qd6 39. Qxd6 Nxd6 40. a3 Bxc2 41. f3 Kg7 42. Kf2 Kf6 43. h4 Bd3 44. h5 Bc4 45. Bc6 Bf7 46. g4 Nc4 47. Bxb5 Nxa3 48. Ba6 Nb1 49. f4 Nxc3 50. Bd3 Kg7 51. Kg3 c4 52. Bc2 Ne2+ 53. Kf2 Nxf4 54. Ke3 Nd5+ 55. Kd4 Nb4 56. Be4 Kh6 57. Bf3 Nc2+ 58. Kc3 Ne3 59. Kd4 Nc2+ 60. Kc3 Ne3 61. Kd4 Nc2+ 62. Kc3 1/2-1/2

[Event "FIDE World Rapid-ch Open 2018"]
[White "Zubritskiy, Artyom"]
[Black "Kryakvin, Dmitry"]
[Site "St. Petersburg"]
[Round "10.73"]
[Annotator "ChessBase"]
[Result "1/2-1/2"]
[Date "2018.12.27"]
[WhiteElo "2442"]
[BlackElo "2588"]
[PlyCount "93"]
[TimeControl "900+10"]

1. d4 d5 2. c4 c6 3. Nf3 Nf6 4. e3 Bf5 5. Nc3 e6 6. Nh4 Be4 7. f3 Bg6 8. g3 Be7 9. Be2 a6 10. Nxg6 hxg6 11. 0-0 Nbd7 12. cxd5 cxd5 13. a4 0-0 14. Qb3 Qb6 15. Qxb6 Nxb6 16. a5 Nbd7 17. Bd2 Rfc8 18. Na4 Rc2 19. Rfd1 e5 20. Bd3 Rc6 21. b4 e4 22. fxe4 dxe4 23. b5 Rc7 24. Nb6 Rd8 25. Be2 axb5 26. Nxd7 Rdxd7 27. Bxb5 Rd8 28. a6 bxa6 29. Ba5 axb5 30. Bxc7 Rd7 31. Bf4 Nd5 32. h4 b4 33. Rdb1 Kh7 34. Ra5 Bd8 35. Rc5 Be7 36. Ra5 Bd8 37. Rxd5 Rxd5 38. Rxb4 g5 39. hxg5 Bxg5 40. Bxg5 Rxg5 41. Kf2 Rf5+ 42. Ke2 Kg6 43. d5 Rxd5 44. Rxe4 Rf5 45. Ra4 Kg5 46. Rb4 g6 47. Rc4 1/2-1/2

[Event "FIDE World Rapid-ch Open 2018"]
[White "Borisenko, Viacheslav"]
[Black "Baron, Tal"]
[Site "St. Petersburg"]
[Round "10.74"]
[Annotator "ChessBase"]
[Result "0-1"]
[Date "2018.12.27"]
[WhiteElo "2289"]
[BlackElo "2532"]
[PlyCount "42"]
[TimeControl "900+10"]

1. e4 e5 2. f4 exf4 3. Nf3 Ne7 4. d4 d5 5. e5 Ng6 6. Bd3 c5 7. c3 Nc6 8. Bxg6 hxg6 9. Bxf4 Bg4 10. Be3 Qb6 11. Qd2 0-0-0 12. 0-0 f6 13. exf6 gxf6 14. h3 Bf5 15. dxc5 Bxc5 16. Nd4 Bxh3 17. Rxf6 Bf5 18. Na3 Rh4 19. Nxf5 gxf5 20. Bxc5 Qxc5+ 21. Qf2 Rh1+ 0-1

[Event "FIDE World Rapid-ch Open 2018"]
[White "Anisimov, Pavel"]
[Black "Nihal Sarin"]
[Site "St. Petersburg"]
[Round "10.75"]
[Annotator "ChessBase"]
[Result "0-1"]
[Date "2018.12.27"]
[WhiteElo "2533"]
[BlackElo "2576"]
[PlyCount "130"]
[TimeControl "900+10"]

1. d4 Nf6 2. Bf4 e6 3. e3 b6 4. Nf3 Bb7 5. Bd3 Be7 6. Nbd2 Nh5 7. Bg3 0-0 8. Ng5 Nf6 9. e4 h6 10. h4 d6 11. Qe2 Nc6 12. c3 e5 13. dxe5 Nxe5 14. Bc2 Nfd7 15. f4 hxg5 16. fxe5 gxh4 17. exd6 cxd6 18. e5 Nxe5 19. 0-0-0 Bg5 20. Bxh4 Bxh4 21. Bh7+ Kh8 22. Qh5 Bg5 23. Be4+ Bh6 24. Bxb7 Nd3+ 25. Kc2 Nf2 26. Bxa8 Qxa8 27. g4 f6 28. Rdf1 Nxh1 29. Rxh1 Qe8 30. Qf5 Qe5 31. Qd3 d5 32. Nf3 Qe4 33. Re1 Qxg4 34. Qxd5 Qg6+ 35. Kb3 Qf7 36. Re6 Re8 37. Nd4 Rxe6 38. Nxe6 f5 39. c4 f4 40. Qd8+ Qg8 41. Nf8 g5 42. Qd4+ Qg7 43. Ng6+ Kh7 44. Ne5 Qf6 45. Qe4+ Kg7 46. Qb7+ Kg8 47. Qd5+ Kh8 48. Ng4 Qg6 49. Qa8+ Kh7 50. Qxa7+ Bg7 51. Qd7 Qb1 52. Qd2 Qe4 53. Qd7 Kg6 54. Kb4 f3 55. Nf2 Qe1+ 56. Kb5 Qa5+ 57. Kc6 Qa4+ 58. Kc7 Be5+ 59. Kd8 Qxd7+ 60. Kxd7 Kf5 61. b4 Bd4 62. Nh1 Kf4 63. Kc6 g4 64. Kd5 g3 65. Kxd4 g2 0-1

[Event "FIDE World Rapid-ch Open 2018"]
[White "Makoveev, Ilya"]
[Black "Salgado Lopez, Ivan"]
[Site "St. Petersburg"]
[Round "10.76"]
[Annotator "ChessBase"]
[Result "0-1"]
[Date "2018.12.27"]
[WhiteElo "2257"]
[BlackElo "2629"]
[PlyCount "64"]
[TimeControl "900+10"]

1. e4 e5 2. Nf3 Nc6 3. Bc4 Bc5 4. 0-0 d6 5. c3 Bb6 6. h3 Qf6 7. d3 h6 8. Be3 Nge7 9. Nbd2 g5 10. Nh2 Ng6 11. Qf3 Qg7 12. Kh1 Nf4 13. g3 Nxh3 14. Ng4 f5 15. exf5 h5 16. f6 Qg6 17. Nh2 g4 18. f7+ Ke7 19. Qg2 Be6 20. Bxb6 axb6 21. f4 Bxc4 22. dxc4 exf4 23. gxf4 Qxf7 24. Qd5 Raf8 25. Ne4 Kd7 26. f5 Qxd5 27. cxd5 Ne7 28. f6 Nxd5 29. Rae1 Rh6 30. f7 Ndf4 31. Re3 Rxf7 32. c4 Re6 0-1

[Event "FIDE World Rapid-ch Open 2018"]
[White "Smirin, Ilia"]
[Black "Dzhumagaliev, Yan"]
[Site "St. Petersburg"]
[Round "10.77"]
[Annotator "ChessBase"]
[Result "1-0"]
[Date "2018.12.27"]
[WhiteElo "2609"]
[BlackElo "2410"]
[PlyCount "59"]
[TimeControl "900+10"]

1. e4 c5 2. Nf3 e6 3. d4 cxd4 4. Nxd4 Nc6 5. Nc3 Qc7 6. f4 a6 7. Be3 b5 8. Bd3 Nxd4 9. Bxd4 Qxf4 10. Rf1 Qh4+ 11. g3 Qe7 12. e5 Bb7 13. Be4 Bxe4 14. Nxe4 Qb4+ 15. c3 Qxb2 16. Rf2 Qa3 17. Qf3 0-0-0 18. Nd6+ Bxd6 19. exd6 Qxd6 20. Bxg7 Ne7 21. Bxh8 Nd5 22. Bf6 Rg8 23. Rd1 Qc6 24. Bd4 f5 25. Qh5 Rg4 26. Qxh7 Qc4 27. Re2 Kc7 28. Be5+ Kc6 29. Qh8 Kb6 30. Qd8+ 1-0

[Event "FIDE World Rapid-ch Open 2018"]
[White "Gareyev, Timur"]
[Black "Apryshko, Gleb"]
[Site "St. Petersburg"]
[Round "10.78"]
[Annotator "ChessBase"]
[Result "1-0"]
[Date "2018.12.27"]
[WhiteElo "2569"]
[BlackElo "2385"]
[PlyCount "93"]
[TimeControl "900+10"]

1. d4 d5 2. c4 e6 3. Nc3 a6 4. cxd5 exd5 5. Bf4 Nf6 6. e3 Bd6 7. Bxd6 Qxd6 8. Bd3 0-0 9. Qc2 b6 10. Nf3 Bb7 11. g4 Re8 12. 0-0-0 Nbd7 13. Bf5 Nf8 14. Rhg1 Ne4 15. Kb1 Re7 16. h4 Rae8 17. g5 g6 18. Bxe4 dxe4 19. Ne5 Nd7 20. Ng4 f5 21. Nh6+ Kg7 22. h5 b5 23. Ne2 Nb6 24. hxg6 hxg6 25. Rh1 Nd5 26. Rh4 Kf8 27. Rdh1 Rg7 28. Ng3 Nxe3 29. fxe3 Qxg3 30. Nxf5 gxf5 31. Qc5+ Qd6 32. Qxf5+ Ke7 33. Rh6 Rf8 34. Qh3 Rg6 35. Rh8 Qe6 36. Qh2 Qd6 37. Qh7+ Rf7 38. Qh5 Rfg7 39. Rf1 Bd5 40. Rff8 Bf7 41. Qh4 Qe6 42. b3 Rxg5 43. Rc8 Qc6 44. Rh7 Qf6 45. Rxc7+ Kd8 46. Rxg7 Qxg7 47. Rc5 1-0

[Event "FIDE World Rapid-ch Open 2018"]
[White "Teterev, Vitaly"]
[Black "Shinkevich, Vitaly"]
[Site "St. Petersburg"]
[Round "10.79"]
[Annotator "ChessBase"]
[Result "1-0"]
[Date "2018.12.27"]
[WhiteElo "2486"]
[BlackElo "2439"]
[PlyCount "63"]
[TimeControl "900+10"]

1. Nf3 c5 2. e4 d6 3. Bc4 Nf6 4. Qe2 Nc6 5. c3 e6 6. Bb3 Be7 7. 0-0 0-0 8. d4 cxd4 9. cxd4 d5 10. e5 Ne4 11. Be3 f5 12. exf6 Nxf6 13. Nc3 Bd6 14. Rad1 Bd7 15. Bg5 Qb6 16. Ne5 Bxe5 17. dxe5 Ne8 18. Be3 Qb4 19. Nxd5 exd5 20. Rxd5 Bg4 21. Qxg4 Qxg4 22. Rd4+ Kh8 23. Rxg4 Nxe5 24. Rb4 Nd6 25. Bc5 Rfd8 26. Rd1 Nf5 27. Rxb7 Rxd1+ 28. Bxd1 a5 29. g4 Nh4 30. f4 Nd3 31. Bd4 Nxf4 32. Bxg7+ 1-0

[Event "FIDE World Rapid-ch Open 2018"]
[White "Reshetnikov, Alexey"]
[Black "Tissir, Mohamed"]
[Site "St. Petersburg"]
[Round "10.80"]
[Annotator "ChessBase"]
[Result "0-1"]
[Date "2018.12.27"]
[WhiteElo "2492"]
[BlackElo "2387"]
[PlyCount "74"]
[TimeControl "900+10"]

1. c4 Nf6 2. Nc3 g6 3. d4 Bg7 4. e4 d6 5. Be2 0-0 6. Bg5 c6 7. Qd2 a6 8. Nf3 b5 9. e5 Ne8 10. Rd1 f6 11. exf6 exf6 12. Be3 f5 13. Bh6 Ra7 14. 0-0 Nf6 15. Bxg7 Rxg7 16. Rfe1 Ne4 17. Qc2 d5 18. cxd5 cxd5 19. Ne5 Be6 20. f3 Nf6 21. Nd3 Kh8 22. Nc5 Bg8 23. b4 Nh5 24. Bf1 Qf6 25. Qd2 g5 26. g3 Qd6 27. a4 bxa4 28. N3xa4 Nf6 29. Qd3 f4 30. g4 h5 31. h3 hxg4 32. hxg4 Rh7 33. Re5 Nxg4 34. fxg4 f3 35. Rd2 Nc6 36. Qe3 Qh6 37. Qxg5 f2+ 0-1

[Event "FIDE World Rapid-ch Open 2018"]
[White "Maghsoodloo, Parham"]
[Black "Nozdrachev, Vladislav"]
[Site "St. Petersburg"]
[Round "10.81"]
[Annotator "ChessBase"]
[Result "1/2-1/2"]
[Date "2018.12.27"]
[WhiteElo "2688"]
[BlackElo "2486"]
[PlyCount "55"]
[TimeControl "900+10"]

1. e4 e5 2. Nf3 Nc6 3. Bb5 a6 4. Ba4 d6 5. 0-0 Bd7 6. c4 g5 7. Nc3 g4 8. Ne1 Bg7 9. d3 Nge7 10. f4 gxf3 11. Nxf3 0-0 12. Nd5 b5 13. Bb3 Na5 14. Bg5 f6 15. Bd2 Nxb3 16. Qxb3 Nxd5 17. cxd5 f5 18. exf5 Rxf5 19. Be3 Be8 20. Qc2 Bf7 21. Qc6 Be8 22. Qc2 Bf7 23. Qc6 Be8 24. Qb7 Rb8 25. Qxa6 Ra8 26. Qb7 Rb8 27. Qa6 Ra8 28. Qb7 1/2-1/2

[Event "FIDE World Rapid-ch Open 2018"]
[White "Lobanov, Sergei"]
[Black "Gordievsky, Dmitry"]
[Site "St. Petersburg"]
[Round "10.82"]
[Annotator "ChessBase"]
[Result "0-1"]
[Date "2018.12.27"]
[WhiteElo "2526"]
[BlackElo "2614"]
[PlyCount "106"]
[TimeControl "900+10"]

1. e4 c5 2. Nf3 Nc6 3. d4 cxd4 4. Nxd4 Qb6 5. Nb3 Nf6 6. Nc3 e6 7. Qe2 Bb4 8. Bd2 0-0 9. a3 Bxc3 10. Bxc3 e5 11. 0-0-0 a5 12. Kb1 Rd8 13. f3 d6 14. Be1 a4 15. Bf2 Qc7 16. Nd2 d5 17. exd5 Nxd5 18. Ne4 Bf5 19. Qe1 Na5 20. Bd3 Bg6 21. g3 Nc4 22. h4 h6 23. h5 Bh7 24. Nc5 Bxd3 25. cxd3 Na5 26. Rc1 Nc6 27. Qe4 Nf6 28. Qc4 Nd4 29. f4 b5 30. Qb4 Nd5 31. Qd2 Nc6 32. Ne4 Qd7 33. fxe5 Nxe5 34. Bc5 Rac8 35. d4 Nc4 36. Qf2 Re8 37. Nd2 Nde3 38. Nxc4 Nxc4 39. Qf4 Re2 40. Rc2 Rxc2 41. Kxc2 Re8 42. Rh2 Qd5 43. Rf2 Ne3+ 44. Kb1 Qh1+ 45. Ka2 Qd5+ 46. Kb1 Qxh5 47. Rf3 Qg6+ 48. Ka2 Qe6+ 49. Kb1 Nd5 50. Qf5 Nc3+ 51. Kc2 Qb3+ 52. Kd2 Re2+ 53. Kd3 Qc2# 0-1

[Event "FIDE World Rapid-ch Open 2018"]
[White "Ovchinnikov, Vsevolod"]
[Black "Drygalov, Andrey"]
[Site "St. Petersburg"]
[Round "10.83"]
[Annotator "ChessBase"]
[Result "1/2-1/2"]
[Date "2018.12.27"]
[WhiteElo "2329"]
[BlackElo "2481"]
[PlyCount "80"]
[TimeControl "900+10"]

1. d4 d5 2. c4 c6 3. Nf3 Nf6 4. g3 g6 5. Bg2 Bg7 6. Qb3 0-0 7. 0-0 dxc4 8. Qxc4 Bf5 9. Nc3 Nbd7 10. Bf4 Rc8 11. Rac1 Qb6 12. Na4 Qb5 13. b3 Nd5 14. Bd2 Be4 15. Qxb5 cxb5 16. Nc3 Nxc3 17. Bxc3 Nb6 18. e3 Nd5 19. Bd2 h6 20. Nh4 Bxg2 21. Kxg2 e6 22. Nf3 f5 23. Rfd1 Rfd8 24. h3 g5 25. Kf1 Bf8 26. Rxc8 Rxc8 27. Rc1 Rxc1+ 28. Bxc1 Nb4 29. a4 bxa4 30. bxa4 Nd3 31. Bd2 Nb2 32. a5 Nc4 33. Bc3 Nd6 34. Ne5 Nb5 35. Be1 Bd6 36. Nc4 Bc7 37. Bb4 Kf7 38. g4 Kg6 39. Ke2 h5 40. f3 f4 1/2-1/2

[Event "FIDE World Rapid-ch Open 2018"]
[White "Makarov, Marat"]
[Black "Hirneise, Jens"]
[Site "St. Petersburg"]
[Round "10.84"]
[Annotator "ChessBase"]
[Result "1/2-1/2"]
[Date "2018.12.27"]
[WhiteElo "2505"]
[BlackElo "2371"]
[PlyCount "64"]
[TimeControl "900+10"]

1. Nf3 Nf6 2. c4 g6 3. d4 Bg7 4. g3 0-0 5. Bg2 d6 6. 0-0 Nc6 7. Nc3 Bf5 8. d5 Na5 9. Nd4 Bd7 10. b3 c5 11. Nc2 a6 12. Qd3 Rb8 13. Bd2 b5 14. Rab1 Qc7 15. e4 Ng4 16. f4 bxc4 17. bxc4 Rxb1 18. Rxb1 Bd4+ 19. Nxd4 cxd4 20. Qxd4 Nxc4 21. Bc1 Rc8 22. h3 Nge3 23. Bxe3 Nxe3 24. Qxe3 Qxc3 25. Qxc3 Rxc3 26. Rb7 Bb5 27. Rxe7 Kf8 28. Rb7 Rc1+ 29. Kh2 Rc2 30. Kg1 Rc1+ 31. Kh2 Rc2 32. Kg1 Rc1+ 1/2-1/2

[Event "FIDE World Rapid-ch Open 2018"]
[White "Zakhartsov, Vladimir"]
[Black "Shaposhnikov, Evgeny"]
[Site "St. Petersburg"]
[Round "10.85"]
[Annotator "ChessBase"]
[Result "0-1"]
[Date "2018.12.27"]
[WhiteElo "2486"]
[BlackElo "2576"]
[PlyCount "97"]
[TimeControl "900+10"]

1. e4 c5 2. Nf3 e6 3. g3 Nc6 4. Bg2 Nf6 5. Nc3 e5 6. 0-0 g6 7. d3 Bg7 8. Nd2 0-0 9. Nc4 d6 10. h3 Nh5 11. a4 a6 12. a5 Be6 13. Nd5 Bxd5 14. exd5 Ne7 15. Rb1 Nf6 16. Nb6 Rb8 17. b4 cxb4 18. Rxb4 Nd7 19. Nc4 Qc7 20. Ba3 Rfd8 21. Qb1 Nf5 22. c3 h5 23. Be4 Ne7 24. Rc1 Nf6 25. Nb6 Nc8 26. Qb3 Bf8 27. Rc4 Qe7 28. Bg2 Na7 29. Rb1 Nb5 30. Bc1 Nd7 31. Be3 Nc5 32. Bxc5 dxc5 33. Re4 Qc7 34. Rbe1 Bg7 35. R4e2 Bf6 36. h4 Kg7 37. Nc4 Nd6 38. Nb6 Re8 39. Bh3 Re7 40. Qa4 Rd8 41. c4 Kg8 42. Qa3 Rde8 43. Na4 e4 44. Nb6 Bd4 45. Kg2 f5 46. dxe4 Nxe4 47. Qa4 Bxf2 48. d6 Qxd6 49. Qb3 0-1

[Event "FIDE World Rapid-ch Open 2018"]
[White "Drygalov, Sergey"]
[Black "Iljiushenok, Ilia"]
[Site "St. Petersburg"]
[Round "10.86"]
[Annotator "ChessBase"]
[Result "1/2-1/2"]
[Date "2018.12.27"]
[WhiteElo "2446"]
[BlackElo "2533"]
[PlyCount "93"]
[TimeControl "900+10"]

1. e4 c5 2. Nf3 e6 3. d4 cxd4 4. Nxd4 Nc6 5. Nc3 Qc7 6. Qd3 Nxd4 7. Qxd4 a6 8. Be3 Ne7 9. 0-0-0 Nc6 10. Qb6 Qb8 11. f4 d6 12. e5 dxe5 13. Bc5 Qa7 14. Qxc6+ bxc6 15. Bxa7 Rxa7 16. fxe5 g6 17. Bc4 Bh6+ 18. Kb1 Bf4 19. Rde1 Ke7 20. g3 Bd2 21. Rd1 Bxc3 22. bxc3 Rd8 23. Rxd8 Kxd8 24. g4 a5 25. a4 h6 26. h4 Ba6 27. Bxa6 Rxa6 28. h5 gxh5 29. Rxh5 Ke7 30. Rxh6 Ra8 31. g5 Rg8 32. Rh5 Kf8 33. Kb2 Kg7 34. c4 Rb8+ 35. Kc3 c5 36. Rh1 Rb4 37. Ra1 Kg6 38. Rf1 Rxa4 39. Rf6+ Kxg5 40. Rxf7 Ra3+ 41. Kd2 Rh3 42. Ra7 Rh4 43. Rxa5 Rxc4 44. c3 Kf5 45. Kd3 Re4 46. Rxc5 Rxe5 47. Rxe5+ 1/2-1/2

[Event "FIDE World Rapid-ch Open 2018"]
[White "Kabanov, Nikolai"]
[Black "Lintchevski, Daniil"]
[Site "St. Petersburg"]
[Round "10.87"]
[Annotator "ChessBase"]
[Result "1-0"]
[Date "2018.12.27"]
[WhiteElo "2450"]
[BlackElo "2516"]
[PlyCount "83"]
[TimeControl "900+10"]

1. e4 c5 2. Nf3 e6 3. d4 cxd4 4. Nxd4 Nf6 5. Nc3 Nc6 6. Be2 d6 7. 0-0 Be7 8. Be3 0-0 9. Kh1 Qc7 10. Nb3 a6 11. f4 b5 12. Bd3 Bb7 13. Qf3 Nb4 14. Qh3 d5 15. e5 Ne4 16. Bd4 g6 17. a3 Nxd3 18. cxd3 Nxc3 19. Bxc3 d4 20. Nxd4 Qd7 21. f5 gxf5 22. Nxf5 Kh8 23. Nxe7 Qxe7 24. Bb4 Qg5 25. Bxf8 Rxf8 26. Qg3 Qh5 27. Qf4 Rg8 28. Qf6+ Rg7 29. Rf2 h6 30. Kg1 Kh7 31. Re1 Qg4 32. Qf4 Qh5 33. Qd2 Rg5 34. Re3 Bd5 35. Rg3 Rxe5 36. Rh3 Qg5 37. Qxg5 Rxg5 38. Rxf7+ Kg6 39. Rf2 Re5 40. Rg3+ Kh7 41. Rf7+ Kh8 42. Kf2 1-0

[Event "FIDE World Rapid-ch Open 2018"]
[White "Tsoi, Dmitry"]
[Black "Teske, Henrik"]
[Site "St. Petersburg"]
[Round "10.88"]
[Annotator "ChessBase"]
[Result "1-0"]
[Date "2018.12.27"]
[WhiteElo "2424"]
[BlackElo "2483"]
[PlyCount "45"]
[TimeControl "900+10"]

1. e4 e6 2. d3 c5 3. f4 Nc6 4. Nf3 d5 5. Be2 Nf6 6. Nbd2 b5 7. 0-0 c4 8. exd5 Qb6+ 9. Kh1 cxd3 10. dxc6 dxe2 11. Qxe2 Nd5 12. Ne4 b4 13. Rd1 Ba6 14. Qe1 Qxc6 15. Nd4 Qb6 16. f5 Be7 17. fxe6 fxe6 18. Nc5 Qxc5 19. Nxe6 Qxc2 20. Nxg7+ Kf8 21. Bh6 Bb7 22. Rxd5 Qc6 23. Nf5+ 1-0

[Event "FIDE World Rapid-ch Open 2018"]
[White "Zablotsky, Sergei"]
[Black "Pogosyan, Stefan"]
[Site "St. Petersburg"]
[Round "10.89"]
[Annotator "ChessBase"]
[Result "1-0"]
[Date "2018.12.27"]
[WhiteElo "2511"]
[BlackElo "2365"]
[PlyCount "83"]
[TimeControl "900+10"]

1. d4 Nf6 2. c4 c5 3. d5 b5 4. Qc2 g6 5. e4 d6 6. cxb5 Bg7 7. Nc3 0-0 8. Nf3 a6 9. a4 axb5 10. Bxb5 Qb6 11. 0-0 Ba6 12. Nd2 Bxb5 13. Nxb5 Na6 14. Nc4 Qb7 15. Bd2 Nb4 16. Bxb4 cxb4 17. b3 Nd7 18. Rab1 Nc5 19. Rfe1 Rfc8 20. Qe2 h5 21. h3 h4 22. Red1 Qa6 23. e5 dxe5 24. Nxe5 Kf8 25. Nc6 Bf6 26. Nxb4 Qb7 27. Nc6 Nd7 28. Qe3 Nb6 29. Nb4 Rd8 30. d6 Kg7 31. Rbc1 Rac8 32. Qf3 Qxf3 33. gxf3 exd6 34. Rxc8 Rxc8 35. Nxd6 Rd8 36. Nc6 Ra8 37. a5 Nd7 38. Nf5+ gxf5 39. Rxd7 Bc3 40. b4 Bxb4 41. Nxb4 Rxa5 42. Rd4 1-0

[Event "FIDE World Rapid-ch Open 2018"]
[White "Vaisser, Anatoli"]
[Black "Hirneise, Tobias"]
[Site "St. Petersburg"]
[Round "10.90"]
[Annotator "ChessBase"]
[Result "1/2-1/2"]
[Date "2018.12.27"]
[WhiteElo "2505"]
[BlackElo "2464"]
[PlyCount "83"]
[TimeControl "900+10"]

1. d4 d5 2. c4 c6 3. cxd5 cxd5 4. Bf4 Nc6 5. e3 Nf6 6. Nc3 Bg4 7. f3 Bd7 8. g4 e6 9. Bd3 a6 10. Nge2 g6 11. h4 h5 12. g5 Ng8 13. e4 Nge7 14. Bc2 Bg7 15. Be3 0-0 16. e5 Na5 17. b3 Rc8 18. Qd2 b5 19. Rc1 Qb6 20. Ng3 Rc7 21. Nce2 Rfc8 22. Kf2 Nac6 23. Bb1 Qa5 24. Qb2 b4 25. Nf4 Na7 26. Ngxh5 gxh5 27. Nxh5 Qa3 28. Qxa3 bxa3 29. Nf6+ Bxf6 30. gxf6 Rxc1 31. Bxc1 Nf5 32. Bxf5 exf5 33. Rg1+ Kh8 34. Bxa3 Rc2+ 35. Ke3 Rxa2 36. Bc5 Nc6 37. Rg5 Nd8 38. Rh5+ Kg8 39. Rg5+ Kh8 40. Rh5+ Kg8 41. Rg5+ Kh8 42. Rh5+ 1/2-1/2

[Event "FIDE World Rapid-ch Open 2018"]
[White "Vlassov, Nikolai"]
[Black "Mamatov, Melis"]
[Site "St. Petersburg"]
[Round "10.91"]
[Annotator "NA"]
[Result "1/2-1/2"]
[Date "2018.12.27"]
[WhiteElo "2401"]
[BlackElo "2223"]
[PlyCount "124"]
[TimeControl "900+10"]

1. e4 c5 2. c3 e6 3. d4 d5 4. exd5 exd5 5. Nf3 Nc6 6. Be3 cxd4 7. Nxd4 Nf6 8. Be2 Bd6 9. 0-0 0-0 10. Nd2 Bd7 11. Re1 a6 12. Nf1 Re8 13. Bg5 Be5 14. Nf3 Be6 15. Nxe5 Nxe5 16. Qd4 Nc6 17. Qh4 h6 18. Bxf6 Qxf6 19. Qxf6 gxf6 20. Ng3 f5 21. Rad1 Red8 22. Bf3 b5 23. a3 a5 24. Nh5 Ne7 25. Rd4 Ra6 26. Red1 Nc6 27. Rh4 Ne5 28. Be2 Rb6 29. Nf4 Kg7 30. Nd3 Nc6 31. Bf3 Ne7 32. Nc5 Rdb8 33. Rhd4 b4 34. cxb4 axb4 35. a4 Rc8 36. Nb3 Rc4 37. Be2 Rc2 38. R4d2 Rxd2 39. Rxd2 Nc6 40. a5 Rb8 41. a6 Ne5 42. Nd4 Nc4 43. Rc2 b3 44. Rc3 Ra8 45. Rxb3 Rxa6 46. h4 Ra1+ 47. Kh2 Rb1 48. Rb7 Kf6 49. b3 Nd2 50. b4 f4 51. b5 Ne4 52. Bd3 Rd1 53. Nxe6 fxe6 54. Bxe4 dxe4 55. Rc7 Rb1 56. g3 e3 57. fxe3 fxe3 58. Rc2 Rd1 59. b6 Rd2+ 60. Rxd2 exd2 61. b7 d1=Q 62. b8=Q Qc2+ 1/2-1/2

[Event "FIDE World Rapid-ch Open 2018"]
[White "Vorotnikov, Vladislav V"]
[Black "Hakobyan, Aram"]
[Site "St. Petersburg"]
[Round "10.92"]
[Annotator "ChessBase"]
[Result "0-1"]
[Date "2018.12.27"]
[WhiteElo "2417"]
[BlackElo "2545"]
[PlyCount "152"]
[TimeControl "900+10"]

1. d4 f5 2. Bf4 Nf6 3. e3 d6 4. c3 g6 5. h4 h6 6. Nd2 Bg7 7. Bd3 e5 8. Bh2 Ng4 9. Bg3 0-0 10. Ne2 Nc6 11. Nf1 Qe7 12. Qb3+ Kh8 13. f3 Nf6 14. d5 e4 15. dxc6 exd3 16. Nf4 d2+ 17. Nxd2 Kh7 18. cxb7 Qxe3+ 19. Kd1 Bxb7 20. Re1 Qb6 21. Qxb6 axb6 22. Re7 Nd5 23. Nxd5 Bxd5 24. Rxc7 Bxa2 25. Bf2 Kg8 26. b3 Rf7 27. Rxf7 Bxc3 28. Bxb6 Kxf7 29. Rc1 Bxd2 30. Kxd2 Bxb3 31. g4 Bd5 32. Rc7+ Ke6 33. Rg7 Ra2+ 34. Ke1 fxg4 35. Rxg6+ Kf5 36. Rxg4 Bxf3 37. Rb4 d5 38. Bc7 Be4 39. Bg3 Kg4 40. Bf2 h5 41. Rb8 Kf5 42. Rf8+ Ke6 43. Bd4 Rh2 44. Rf6+ Ke7 45. Rf2 Rh3 46. Ke2 Kd7 47. Rf4 Kc6 48. Bf2 Kb5 49. Rf8 Ra3 50. Rb8+ Kc6 51. Rb6+ Kc7 52. Rh6 Bf3+ 53. Kd2 Bg4 54. Rf6 Kd7 55. Bc5 Ra2+ 56. Ke3 Re2+ 57. Kd4 Be6 58. Rf4 Rc2 59. Bf8 Rd2+ 60. Ke5 Re2+ 61. Kd4 Kc6 62. Be7 Bg4 63. Bg5 Rd2+ 64. Kc3 Rd1 65. Rd4 Re1 66. Ra4 Kd6 67. Kd2 Re2+ 68. Kd3 Re1 69. Ra8 Rd1+ 70. Kc2 d4 71. Rd8+ Kc5 72. Ra8 Rh1 73. Ra5+ Kb4 74. Bd2+ Kc4 75. Ra4+ Kd5 76. Bg5 Bd1+ 0-1

[Event "FIDE World Rapid-ch Open 2018"]
[White "Dubrovin, Robert"]
[Black "Rechlis, Gad"]
[Site "St. Petersburg"]
[Round "10.93"]
[Annotator "ChessBase"]
[Result "0-1"]
[Date "2018.12.27"]
[WhiteElo "2220"]
[BlackElo "2521"]
[PlyCount "68"]
[TimeControl "900+10"]

1. d4 Nf6 2. c4 e6 3. Nf3 c5 4. d5 exd5 5. cxd5 d6 6. Nc3 g6 7. Nd2 Nbd7 8. e4 Bg7 9. Be2 0-0 10. 0-0 Re8 11. f4 c4 12. Kh1 Nc5 13. e5 dxe5 14. fxe5 Rxe5 15. Nxc4 Rf5 16. Bf4 Nfe4 17. Nxe4 Nxe4 18. Ne3 Bxb2 19. Nxf5 Bxf5 20. Bf3 Qb6 21. Bxe4 Bxe4 22. d6 Qc6 23. Qd2 Bc3 24. Qf2 Bxa1 25. Rxa1 Re8 26. Rd1 Qd7 27. Rc1 Bc6 28. Rf1 Re6 29. Rc1 Qe8 30. Qh4 Re2 31. Rg1 Qe4 32. Qg3 Rxg2 33. Qxg2 Qxf4 34. Rd1 Bxg2+ 0-1

[Event "FIDE World Rapid-ch Open 2018"]
[White "Perdomo, Carlos Andres"]
[Black "Mikhalevski, Victor"]
[Site "St. Petersburg"]
[Round "10.94"]
[Annotator "ChessBase"]
[Result "0-1"]
[Date "2018.12.27"]
[WhiteElo "2301"]
[BlackElo "2579"]
[PlyCount "58"]
[TimeControl "900+10"]

1. c4 Nf6 2. Nc3 d5 3. d4 g6 4. Nf3 Bg7 5. Qb3 dxc4 6. Qxc4 0-0 7. e4 Nc6 8. h3 e5 9. d5 Nd4 10. Bd3 Nxf3+ 11. gxf3 Nh5 12. Be3 c6 13. 0-0-0 Nf4 14. Bc2 cxd5 15. exd5 Bd7 16. h4 b5 17. Qb3 a5 18. Kb1 Rc8 19. Nxb5 a4 20. Qb4 Rxc2 21. Kxc2 Bf5+ 22. Kc1 Qb8 23. b3 Rc8+ 24. Kb2 Nd3+ 25. Rxd3 Bxd3 26. bxa4 e4+ 27. Bd4 Rc4 28. Qb3 Rxd4 29. Nxd4 Bxd4+ 0-1